[Event "42nd Olympiad Baku 2016 Open"]
[Site "Baku"]
[Date "2016.09.03"]
[Round "2.14"]
[White "Belzo, Krzysztof"]
[Black "Mwanyika, Geoffrey"]
[Result "1-0"]
[ECO "E07"]
[WhiteElo "2044"]
[BlackElo "1850"]
[Annotator ""]
[PlyCount "85"]
[EventDate "2016.??.??"]
[EventCountry "AZE"]
[SourceTitle "playchess.com"]
[Source "ChessBase"]
[WhiteTeam "Channel Islands"]
[BlackTeam "Tanzania"]
[WhiteTeamCountry "JCI"]
[BlackTeamCountry "TAN"]
[TimeControl "40/5400+30:1800+30"]

1. g3 Nf6 2. Bg2 d5 3. c4 e6 4. Nf3 Be7 5. O-O O-O 6. d4 Nbd7 7. Nbd2 Bb4 8. a3
Bxd2 9. Nxd2 c6 10. b4 b6 11. e4 Bb7 12. Re1 dxe4 13. Nxe4 Nxe4 14. Bxe4 Nf6
15. Bg2 Qd7 16. Bg5 Ne8 17. Qb3 h6 18. Bf4 g5 19. Be3 f5 20. Rad1 Qf7 21. f4 g4
22. Qa4 Qc7 23. Bf2 Ng7 24. Re5 Rfd8 25. Ree1 {[%emt 1:28:57)} Rf8 {[%emt 1:28:
20)} 26. Re5 {(01:12)} Rfd8 {(03:15)} 27. Qb3 {(03:18)}
Rd7 {(03:24)} 28. a4 {(01:46)} Rad8 {(01:00)} 29. Ra1 {
(03:10)} a6 {(00:48)} 30. Rae1 {(02:34)} Kh7 {(01:
22)} 31. Qc2 {(00:32)} Rf7 {(00:46)} 32. a5 {(01:11)} b5 {
(02:55)} 33. d5 {(01:12)} cxd5 {(00:26)} 34. Bb6 {(
00:17)} Qd7 {(02:33)} 35. Bxd8 {(00:09)} Qxd8 {(00:03)}
36. cxd5 {(00:44)} Bxd5 {(01:57)} 37. Bxd5 {(01:05)} exd5
{(00:02)} 38. Qc5 {(01:41)} Rd7 {(00:34)} 39. Re7 {
(00:24)} d4 {(01:06)} 40. Rxd7 {(00:57)} Qxd7 {(00:
12)} 41. Re7 {(29:50)} Qd8 {(30:30)} 42. Qxf5+ {(00:00)}
Kg8 {(00:00)} 43. Qf7+ {(00:00)} 1-0

[Event "42nd Olympiad Baku 2016 Open"]
[Site "Baku"]
[Date "2016.09.03"]
[Round "2.28"]
[White "Benschop, Jomar"]
[Black "Mushore, Emarald Takudzwa"]
[Result "1/2-1/2"]
[ECO "B92"]
[WhiteElo "1670"]
[BlackElo "2187"]
[Annotator ""]
[PlyCount "70"]
[EventDate "2016.??.??"]
[EventCountry "AZE"]
[SourceTitle "playchess.com"]
[Source "ChessBase"]
[WhiteTeam "ARU"]
[BlackTeam "Zimbabwe"]
[BlackTeamCountry "ZIM"]
[TimeControl "40/5400+30:1800+30"]

1. e4 {(00:00)} c5 {(00:00)} 2. Nf3 d6 3. d4 {(00:46)}
cxd4 {(00:08)} 4. Nxd4 {(00:25)} Nf6 {(00:03)} 5. Nc3 {
(00:17)} a6 {(00:05)} 6. Be2 {(00:18)} e5 {(00:05)}
7. Nb3 {(00:10)} Be7 {(00:04)} 8. a4 {(07:31)} b6 {
(04:23)} 9. Be3 {(01:11)} Be6 {(01:46)} 10. f4 {(
05:15)} exf4 {(04:44)} 11. Bxf4 {(00:14)} Nc6 {(00:12)}
12. Nd4 {(02:32)} Ne5 {(01:16)} 13. Nxe6 {(02:00)} fxe6 {
(00:03)} 14. Bxe5 {(00:14)} dxe5 {(00:01)} 15. Qxd8+ {
(04:11)} Bxd8 {(00:03)} 16. O-O-O {(07:51)} Be7 {(
05:01)} 17. Bc4 {(01:39)} Kf7 {(00:16)} 18. Rhf1 {(01:27)}
Rhd8 {(00:10)} 19. Rxd8 {(02:42)} Bxd8 {(00:10)} 20. Nd5 {
(03:35)} a5 {(09:41)} 21. b3 {(08:53)} Rb8 {(01:31]
} 22. Nxf6 {(00:27)} Bxf6 {(00:08)} 23. Rd1 {(01:01)} Ke7
{(02:56)} 24. Rd3 {(02:14)} Rc8 {(01:06)} 25. Bb5 {
(01:01)} Rc7 {(00:04)} 26. Kb2 {(03:11)} Bg5 {(00:
22)} 27. c3 {(10:54)} h6 {(05:30)} 28. g3 {(05:44)} Rb7 {
(03:11)} 29. b4 {(04:55)} Rc7 {(00:29)} 30. Kb3 {(
04:17)} Ra7 {(02:10)} 31. c4 {(02:54)} axb4 {(01:00)} 32.
Kxb4 {(00:29)} Kf7 {(00:21)} 33. Rd7+ {(01:11)} Be7+ {
(00:16)} 34. Kc3 {(03:49)} Rxd7 {(00:31)} 35. Bxd7 {
(00:12)} Bc5 {(00:06)} 1/2-1/2

[Event "42nd Olympiad Baku 2016 Open"]
[Site "Baku"]
[Date "2016.09.03"]
[Round "2.22"]
[White "Bernardi, Giancarlo"]
[Black "De La Riva Aguado, Oscar"]
[Result "0-1"]
[ECO "A21"]
[WhiteElo "1668"]
[BlackElo "2503"]
[Annotator ""]
[PlyCount "82"]
[EventDate "2016.??.??"]
[EventCountry "AZE"]
[SourceTitle "playchess.com"]
[Source "ChessBase"]
[WhiteTeam "SMR"]
[BlackTeam "AND"]
[WhiteTeamCountry "ITA"]
[BlackTeamCountry "AND"]
[TimeControl "40/5400+30:1800+30"]

1. c4 {(00:00)} e5 {(00:00)} 2. g3 {(00:00)} d6 {(
00:31)} 3. Bg2 {(00:26)} f5 {(00:11)} 4. e3 {(04:57)} Nf6
{(00:34)} 5. Ne2 {(03:28)} Be7 {(01:23)} 6. Nbc3 {(
01:45)} c6 {(00:45)} 7. d4 {(10:24)} O-O {(01:36)} 8. O-O
{(02:09)} Na6 {(01:15)} 9. a3 {(06:18)} e4 {(03:49]
} 10. b4 {(02:52)} d5 {(07:32)} 11. cxd5 {(09:28)} cxd5 {
(00:08)} 12. Nf4 {(03:40)} g5 {(03:07)} 13. Nfe2 {(
04:48)} Nc7 {(01:27)} 14. Bb2 {(04:48)} Be6 {(06:58)} 15.
Rc1 {(03:13)} Nce8 {(01:34)} 16. Na4 {(04:35)} b6 {
(02:29)} 17. Rc3 {(07:46)} Nd6 {(02:58)} 18. Qc2 {(
04:58)} Nb5 {(06:59)} 19. Rb3 {(03:28)} Rc8 {(00:49)} 20.
Nac3 {(00:24)} Nd6 {(00:28)} 21. Rc1 {(02:54)} Nc4 {
(00:46)} 22. Qd1 {(01:01)} Qd7 {(00:59)} 23. Ba1 {(
02:16)} Ne8 {(07:00)} 24. Nb1 {(05:37)} Ned6 {(00:53)} 25.
Nd2 {(02:02)} Nxd2 {(04:20)} 26. Qxd2 {(00:28)} Nc4 {
(00:06)} 27. Qa2 {(02:05)} Rf7 {(02:11)} 28. Rbc3 {
(00:34)} b5 {(01:35)} 29. R1c2 {(01:21)} Rcf8 {(00:
51)} 30. Qb1 {(04:37)} Bd6 {(00:51)} 31. Bb2 {(00:28)} h5
{(01:28)} 32. Bc1 {(00:42)} h4 {(00:24)} 33. gxh4 {
(00:59)} f4 {(00:44)} 34. exf4 {(01:17)} gxf4 {(00:
13)} 35. f3 {(01:04)} Rg7 {(01:03)} 36. Bb2 {(00:20)} Bh3
{(01:31)} 37. Nc1 {(00:11)} Ne3 {(00:19)} 38. Rxe3 {
(00:21)} fxe3 {(00:08)} 39. Kf1 {(00:44)} exf3 {(
00:39)} 40. Bxh3 {(00:00)} Qxh3+ {(00:00)} 41. Ke1 {(01:
10)} Rg1# 0-1

[Event "42nd Olympiad Baku 2016 Open"]
[Site "Baku"]
[Date "2016.09.03"]
[Round "2.27"]
[White "Bhandari, Kshitiz"]
[Black "Osorio Ortiz, Marcos"]
[Result "0-1"]
[ECO "E68"]
[WhiteElo "2013"]
[BlackElo "2247"]
[Annotator ""]
[PlyCount "72"]
[EventDate "2016.??.??"]
[EventCountry "AZE"]
[SourceTitle "playchess.com"]
[Source "ChessBase"]
[WhiteTeam "NEP"]
[BlackTeam "NCA"]
[WhiteTeamCountry "NEP"]
[BlackTeamCountry "PER"]
[TimeControl "40/5400+30:1800+30"]

1. d4 {(00:00)} Nf6 {(00:00)} 2. Nf3 {(00:07)} g6 {
(00:00)} 3. g3 {(03:16)} Bg7 {(00:03)} 4. Bg2 {(00:
05)} O-O {(00:10)} 5. O-O {(00:31)} d6 {(00:07)} 6. c4 {
(00:48)} Nbd7 {(00:18)} 7. Nc3 {(01:26)} e5 {(00:
11)} 8. b3 {(04:55)} Re8 {(02:59)} 9. Bb2 {(00:52)} c6 {
(05:47)} 10. e4 {(07:17)} exd4 {(03:53)} 11. Nxd4 {
(00:11)} Nc5 {(00:55)} 12. Qc2 {(04:08)} Qb6 {(04:
06)} 13. Rad1 {(08:19)} a5 {(00:34)} 14. h3 {(02:48)} a4 {
(03:04)} 15. Kh2 {(00:22)} axb3 {(00:09)} 16. axb3 Nfd7 {
(04:54)} 17. Nce2 {(11:41)} Ra2 {(05:09)} 18. Nc1 {
(04:57)} Rxb2 {(00:33)} 19. Qxb2 {(00:08)} Ne6 {(
00:05)} 20. e5 {(14:03)} Bxe5 {(00:13)} 21. Rfe1 {(00:12)}
Nxd4 {(21:56)} 22. Rxd4 {(00:38)} Bxg3+ {(01:42)} 23. fxg3
{(00:21)} Rxe1 {(00:06)} 24. Ne2 {(06:22)} Rxe2 {(
00:16)} 25. Qxe2 {(00:01)} Qxd4 {(00:09)} 26. Qe8+ {(00:
05)} Kg7 {(00:04)} 27. Qxc8 {(00:05)} Ne5 {(00:35)} 28.
Qxb7 {(02:16)} Qf2 {(01:07)} 29. Kh1 {(00:40)} Qxg3 {
(04:26)} 30. b4 {(03:21)} Nf3 {(03:29)} 31. Bxf3 {(
01:00)} Qxf3+ {(01:54)} 32. Kh2 {(00:50)} Qe2+ {(00:04)}
33. Kg1 {(00:08)} Qxc4 {(00:05)} 34. Qb8 {(00:28)} Qd4+ {
(00:19)} 35. Kg2 {(00:05)} Qf4 {(03:33)} 36. Qb6 {(
00:20)} h5 {(00:28)} 0-1

[Event "42nd Olympiad Baku 2016 Open"]
[Site "Baku"]
[Date "2016.09.03"]
[Round "2.11"]
[White "Blagojevic, Dragisa"]
[Black "Fernandes, Antonio"]
[Result "1/2-1/2"]
[ECO "D70"]
[WhiteElo "2482"]
[BlackElo "2413"]
[Annotator ""]
[PlyCount "77"]
[EventDate "2016.??.??"]
[EventCountry "AZE"]
[SourceTitle "playchess.com"]
[Source "ChessBase"]
[WhiteTeam "Montenegro"]
[BlackTeam "Portugal"]
[WhiteTeamCountry "MNE"]
[BlackTeamCountry "POR"]
[TimeControl "40/5400+30:1800+30"]

1. d4 {(00:00)} Nf6 {(00:00)} 2. c4 {(00:00)} g6 {(
00:02)} 3. Nf3 {(00:00)} Bg7 {(00:03)} 4. g3 {(00:00)} O-O
{(00:07)} 5. Bg2 {(00:02)} c6 {(00:14)} 6. O-O {(
00:13)} d5 {(00:19)} 7. b3 {(00:35)} Be6 {(07:29)} 8. cxd5
{(21:53)} cxd5 {(01:33)} 9. Ne5 {(02:55)} Nfd7 {(
03:24)} 10. Bb2 {(02:32)} Qb6 {(12:11)} 11. Nxd7 {(06:53)}
Nxd7 {(02:12)} 12. e3 {(01:19)} Nf6 {(28:23)} 13. Nc3 {
(00:27)} Qd6 {(01:16)} 14. Qd3 {(21:20)} Rfc8 {(06:
32)} 15. Rfc1 {(01:24)} Bf5 {(10:26)} 16. Qb5 {(01:55)}
Bd7 {(00:50)} 17. Qa5 {(01:56)} e6 {(01:43)} 18. Nb5 {
(04:33)} Bxb5 {(01:12)} 19. Qxb5 {(00:13)} Qd7 {(
00:11)} 20. Qxd7 {(02:03)} Nxd7 {(00:01)} 21. Kf1 {(01:40]
} f5 {(09:44)} 22. Ke2 {(02:18)} Nb6 {(02:57)} 23. f3 {
(03:38)} Rxc1 {(00:54)} 24. Rxc1 {(00:10)} Rc8 {(
00:08)} 25. Rxc8+ {(01:10)} Nxc8 {(00:02)} 26. e4 {(00:35]
} Kf7 {(01:56)} 27. Kd3 {(09:21)} Bf8 {(02:36)} 28. a3 {
(01:55)} h5 {(02:29)} 29. Bc1 {(00:33)} Nd6 {(00:
26)} 30. a4 {(01:42)} Nc8 {(03:43)} 31. h3 {(04:14)} a6 {
(00:09)} 32. g4 {(01:24)} hxg4 {(02:13)} 33. hxg4 {
(00:10)} Na7 {(00:23)} 34. Bh3 {(02:43)} Kf6 {(00:
13)} 35. Bf4 {(01:03)} Nc6 {(00:05)} 36. Bg3 {(00:54)} Bh6
{(01:14)} 37. Bh4+ {(00:57)} g5 {(00:16)} 38. Be1 {
(01:13)} f4 {(00:05)} 39. Bf1 {(00:43] Ke5} 1/2-1/2

[Event "42nd Olympiad Baku 2016 Open"]
[Site "Baku"]
[Date "2016.09.03"]
[Round "2.17"]
[White "Blijstra, Wim"]
[Black "Mabrouk, Fathi"]
[Result "1-0"]
[ECO "E97"]
[WhiteElo "2216"]
[BlackElo "2145"]
[Annotator ""]
[PlyCount "79"]
[EventDate "2016.??.??"]
[EventCountry "AZE"]
[SourceTitle "playchess.com"]
[Source "ChessBase"]
[WhiteTeam "Netherlands Antilles"]
[BlackTeam "Tunisia"]
[WhiteTeamCountry "AHO"]
[BlackTeamCountry "TUN"]
[TimeControl "40/5400+30:1800+30"]

1. Nf3 {(00:00)} Nf6 {(00:00)} 2. c4 {(00:00)} g6 {
(00:38)} 3. Nc3 {(00:18)} Bg7 {(01:28)} 4. e4 {(00:
24)} d6 {(00:59)} 5. d4 {(00:06)} O-O {(00:34)} 6. Be2 {
(01:07)} e5 {(00:57)} 7. O-O {(04:09)} Nc6 {(01:18]
} 8. d5 {(04:47)} Ne7 {(00:46)} 9. b4 {(02:35)} c6 {
(03:47)} 10. a4 {(00:48)} a5 {(02:11)} 11. bxa5 {(
05:16)} c5 {(01:20)} 12. Nd2 {(01:38)} Rxa5 {(00:42)} 13.
Nb3 {(00:38)} Ra6 {(01:41)} 14. Kh1 {(04:06)} Ne8 {
(01:30)} 15. g4 {(00:36)} f5 {(08:09)} 16. gxf5 {(
00:18)} gxf5 {(00:30)} 17. Bg5 {(00:09)} Nf6 {(04:06)} 18.
f3 {(16:05)} h6 {(05:25)} 19. Bd2 {(04:31)} Ng6 {(
15:09)} 20. Rg1 {(00:38)} Nf4 {(06:09)} 21. Bxf4 {(05:00)}
exf4 {(00:51)} 22. exf5 {(11:16)} Nh5 {(07:16)} 23. Bd3 {
(01:53)} Kh8 {(07:46)} 24. Rc1 {(09:05)} Qh4 {(04:
18)} 25. Rg4 {(05:58)} Qe7 {(15:18)} 26. Nd2 {(02:30)}
Bxf5 {(03:51)} 27. Bxf5 {(00:13)} Rxf5 {(00:08)} 28. Nde4
{(00:58)} Nf6 {(04:01)} 29. Rg6 {(00:43)} Nxe4 {(
00:46)} 30. Nxe4 {(00:04)} Rh5 {(01:25)} 31. Qc2 {(01:13)}
Bd4 {(01:24)} 32. Qg2 {(00:11)} Ra8 {(00:22)} 33. Nxd6 {
(02:27)} Rg5 {(01:06)} 34. Rxh6+ {(00:34)} Kg8 {(
00:22)} 35. Nf5 {(00:28)} Qd8 {(00:44)} 36. Rg6+ {(00:11)}
Rxg6 {(00:16)} 37. Qxg6+ {(00:02)} Kf8 {(00:42)} 38. Qh6+
{(00:49)} Kf7 {(00:25)} 39. Nd6+ {(00:00)} Ke7 {(
00:00)} 40. Qe6+ {(00:00)} 1-0

[Event "42nd Olympiad Baku 2016 Open"]
[Site "Baku"]
[Date "2016.09.03"]
[Round "2.36"]
[White "Borigas, Edgardo"]
[Black "Maung, Maung Kyaw Zaw Hein"]
[Result "0-1"]
[ECO "D00"]
[WhiteElo "1894"]
[BlackElo "2031"]
[Annotator ""]
[PlyCount "96"]
[EventDate "2016.??.??"]
[EventCountry "AZE"]
[SourceTitle "playchess.com"]
[Source "ChessBase"]
[WhiteTeam "Hong Kong"]
[BlackTeam "Myanmar"]
[WhiteTeamCountry "HKG"]
[BlackTeamCountry "MYA"]
[TimeControl "40/5400+30:1800+30"]

1. d4 {(00:00)} d5 {(00:00)} 2. Bf4 {(00:00)} Nf6 {
(00:00)} 3. e3 {(00:30)} c5 {(00:37)} 4. c3 {(00:
18)} Nc6 {(00:18)} 5. Nf3 {(00:35)} Qb6 {(01:25)} 6. Qb3 {
(01:56)} c4 {(00:45)} 7. Qxb6 {(01:19)} axb6 {(00:
06)} 8. Nbd2 {(00:30)} b5 {(00:53)} 9. Be2 {(01:16)} h6 {
(02:43)} 10. h3 {(00:23)} Bf5 {(00:28)} 11. O-O {(
03:11)} e6 {(01:17)} 12. a3 {(01:59)} Nd7 {(02:16)} 13.
Rfe1 {(04:51)} g5 {(02:25)} 14. Bh2 {(00:30)} Nb6 {
(10:20)} 15. Bd1 {(14:33)} b4 {(11:17)} 16. Bc7 {(
09:56)} Nc8 {(03:45)} 17. e4 {(01:46)} dxe4 {(00:50)} 18.
Nxe4 {(00:17)} Be7 {(09:35)} 19. Nfd2 {(04:51)} Kd7 {
(02:39)} 20. Bh2 {(01:23)} Bxe4 {(06:04)} 21. Rxe4 {
(02:07)} b5 {(07:14)} 22. Bh5 {(04:24)} bxc3 {(05:
03)} 23. bxc3 {(00:16)} f5 {(01:14)} 24. Re3 {(10:06)}
Rxa3 {(01:56)} 25. Rae1 {(04:43)} Nd8 {(00:20)} 26. Rb1 {
(03:19)} Ra5 {(02:18)} 27. Re5 {(01:58)} Nd6 {(10:
14)} 28. d5 {(04:31)} Bf6 {(09:03)} 29. Rxe6 {(04:34)}
Nxe6 {(00:57)} 30. dxe6+ {(00:17)} Kxe6 {(01:20)} 31. Re1+
{(00:17)} Kd7 {(00:52)} 32. Be5 {(02:04)} Bxe5 {(
00:16)} 33. Rxe5 {(00:02)} Ra3 {(00:55)} 34. g4 {(02:55)}
Rxc3 {(01:43)} 35. Rd5 {(00:43)} Kc6 {(01:04)} 36. Re5 {
(00:29)} Rd3 {(00:13)} 37. Nf1 {(01:59)} c3 {(00:
22)} 38. Ne3 {(00:39)} Rd2 {(01:17)} 39. gxf5 {(03:32)} c2
{(00:35)} 40. Bf3+ {(00:00)} Kb6 {(00:00)} 41. Nxc2 {
(00:54)} Rxc2 {(00:34)} 42. Re6 {(01:24)} Rd2 {(01:
53)} 43. f6 {(00:36)} b4 {(01:38)} 44. Be4 {(00:50)} Rd4 {
(02:09)} 45. Bg6 {(02:11)} Rf8 {(01:39)} 46. Bh7 {(
03:08)} Kc6 {(01:05)} 47. f7 {(01:20)} Rxf7 {(00:26)} 48.
Rxh6 {(00:13)} Rxh7 {(01:25)} 0-1

[Event "42nd Olympiad Baku 2016 Open"]
[Site "Baku"]
[Date "2016.09.03"]
[Round "2.11"]
[White "Botsoe, Koffi"]
[Black "Torres Santiago, Jonathan"]
[Result "0-1"]
[ECO "B02"]
[WhiteElo "1610"]
[BlackElo "2126"]
[Annotator ""]
[PlyCount "90"]
[EventDate "2016.??.??"]
[EventCountry "AZE"]
[SourceTitle "playchess.com"]
[Source "ChessBase"]
[WhiteTeam "Togo"]
[BlackTeam "Puerto Rico"]
[WhiteTeamCountry "TOG"]
[BlackTeamCountry "PUR"]
[TimeControl "40/5400+30:1800+30"]

1. e4 {(00:00)} Nf6 {(00:48)} 2. Nc3 {(00:04)} d5 {
(00:09)} 3. exd5 {(03:13)} Nxd5 {(00:09)} 4. d4 {(
01:44)} Bf5 {(06:01)} 5. Bc4 {(03:24)} e6 {(00:12)} 6. a3
{(00:31)} Nxc3 {(01:55)} 7. bxc3 {(00:16)} c6 {(00:
35)} 8. Ne2 {(00:55)} Bd6 {(00:18)} 9. O-O {(00:36)} O-O {
(00:13)} 10. Ng3 {(04:13)} Bg6 {(00:07)} 11. Bb3 {(
00:56)} Nd7 {(04:02)} 12. f4 {(00:09)} Qc7 {(01:06)} 13.
Qf3 {(00:34)} Nf6 {(01:45)} 14. a4 {(01:05)} c5 {(
00:25)} 15. Qe2 {(05:44)} Rac8 {(04:10)} 16. dxc5 {(04:18]
} Qxc5+ {(00:19)} 17. Be3 {(01:23)} Qxc3 {(00:10)} 18. Ra2
{(10:59)} Bc5 {(01:58)} 19. Rf3 {(01:38)} Rfd8 {(
02:28)} 20. h3 {(07:49)} Rd2 {(07:35)} 21. Bxc5 Qxc5+ 22. Qe3 {
(01:59)} Rd1+ {(05:48)} 23. Kh2 {(02:33)} Qxe3 {(
04:11)} 24. Rxe3 {(00:14)} Nd5 {(00:14)} 25. Bxd5 {(04:51]
} Rxd5 {(00:08)} 26. c3 {(01:23)} Ra5 {(02:19)} 27. Rae2 {
(02:30)} h6 {(00:30)} 28. Re5 {(03:22)} Rxe5 {(01:
15)} 29. Rxe5 {(00:40)} Rxc3 {(00:08)} 30. f5 {(00:31)}
exf5 {(00:50)} 31. Re7 {(02:47)} f4 {(00:46)} 32. Ne2 {
(02:39)} Re3 {(00:15)} 33. Rxe3 {(01:11)} fxe3 {(
00:06)} 34. Nf4 {(01:35)} Be4 {(02:24)} 35. Kg3 {(01:00)}
a5 {(00:40)} 36. Ne2 {(00:57)} g5 {(00:18)} 37. Nc3 {
(00:29)} f5 {(00:15)} 38. Kh2 {(03:27)} Kf7 {(02:
56)} 39. Kg1 {(00:36)} Ke6 {(00:21)} 40. g4 {(04:56)} Ke5
{(00:29)} 41. gxf5 {(01:02)} Bxf5 {(00:15)} 42. Kg2 {
(01:32)} Kd4 {(00:29)} 43. Ne2+ {(02:38)} Kd3 {(00:
20)} 44. Ng3 Bxh3+ 45. Kxh3 {(05:29)} e2 {(00:37)} 0-1

[Event "42nd Olympiad Baku 2016 Open"]
[Site "Baku"]
[Date "2016.09.03"]
[Round "2.11"]
[White "Brookfield, Toby"]
[Black "Ieong, Seak Hin"]
[Result "1/2-1/2"]
[ECO "C31"]
[WhiteElo "1909"]
[BlackElo "1841"]
[Annotator ""]
[PlyCount "112"]
[EventDate "2016.??.??"]
[EventCountry "AZE"]
[SourceTitle "playchess.com"]
[Source "ChessBase"]
[WhiteTeam "Channel Islands"]
[BlackTeam "Macau"]
[WhiteTeamCountry "GCI"]
[BlackTeamCountry "MAC"]
[TimeControl "40/5400+30:1800+30"]

1. e4 e5 2. f4 d5 3. exd5 Qxd5 4. Nc3 Qe6 5. Nf3 Nc6 6. Be2 Bc5 7. Na4 Bd6 8.
O-O Nge7 9. fxe5 Nxe5 10. Ng5 Qd7 11. d4 Qxa4 12. dxe5 Bxe5 13. Nxf7 Qd4+ 14.
Qxd4 Bxd4+ 15. Kh1 Rf8 16. Bc4 h6 17. Rd1 Nc6 18. Re1+ Ne7 19. c3 Bf6 20. Ne5
Bf5 21. Nf7 {[%emt 1:03:34)} Bc8 {(39:42)} 22. Ne5 {(00:24)} Bf5
{(01:12)} 23. Bb5+ {(02:33)} c6 {(01:52)} 24. Nxc6 {
(00:34)} bxc6 {(00:02)} 25. Bxc6+ {(00:21)} Kf7 {(
00:02)} 26. Bxa8 {(02:28)} Rxa8 {(00:02)} 27. Be3 {(01:35]
} Rb8 {(00:25)} 28. Bxa7 {(02:15)} Rxb2 {(00:02)} 29. Bd4
{(00:15)} Nd5 {(04:27)} 30. Bxf6 {(04:07)} Kxf6 {(
00:02)} 31. c4 {(01:00)} Nb4 {(01:07)} 32. Kg1 {(05:26)}
Nxa2 {(01:06)} 33. c5 {(01:28)} Rc2 {(00:05)} 34. c6 {
(00:25)} Nc3 {(05:19)} 35. Re8 {(07:40)} Ne2+ {(03:
41)} 36. Kf1 {(01:16)} Nd4 {(00:16)} 37. Rd1 {(09:09)}
Nxc6 {(00:49)} 38. Rf8+ {(00:35)} Kg5 {(00:23)} 39. Rd5 {
(00:41)} g6 {(00:19)} 40. Rc8 {(01:27)} Kf4 {(03:
41)} 41. Re8 {(32:09)} Be4 {(31:16)} 42. g3+ {(00:00)} Kf3
{(00:00)} 43. Rf8+ {(00:00)} Ke3 {(00:00)} 44. Rd1 {
(00:00)} Rxh2 {(00:00)} 45. Re1+ {(00:00)} Kd4 {(
00:00)} 46. Rd1+ {(00:00)} Ke5 {(00:00)} 47. Re8+ {(00:00]
} Kf5 {(00:00)} 48. Rd6 {(00:00)} Rc2 {(00:00)} 49. g4+ {
(00:00)} Kf4 {(00:00)} 50. Rxe4+ {(00:00)} Kxe4 {(
00:00)} 51. Rxg6 {(00:00)} Ne5 {(00:00)} 52. Rxh6 {(00:00]
} Nf3 {(00:00)} 53. Re6+ {(00:00)} Kf4 {(00:00)} 54. Re2 {
(00:00)} Nh2+ {(00:00)} 55. Ke1 {(00:00)} Rxe2+ {(
00:00)} 56. Kxe2 {(00:00)} Nxg4 1/2-1/2

[Event "42nd Olympiad Baku 2016 Open"]
[Site "Baku"]
[Date "2016.09.03"]
[Round "2.11"]
[White "Bukannan, Ahmed A"]
[Black "Alothman, Abdul Wahab"]
[Result "0-1"]
[ECO "C00"]
[WhiteElo "1890"]
[BlackElo "2056"]
[Annotator ""]
[PlyCount "120"]
[EventDate "2016.??.??"]
[EventCountry "AZE"]
[SourceTitle "playchess.com"]
[Source "ChessBase"]
[WhiteTeam "KSA"]
[BlackTeam "Kuwait"]
[BlackTeamCountry "KUW"]
[TimeControl "40/5400+30:1800+30"]

1. e4 {(00:00)} e6 {(00:00)} 2. d3 {(00:00)} d5 {(
00:00)} 3. Nd2 {(00:15)} c5 {(02:11)} 4. g3 {(00:26)} Nc6
{(01:12)} 5. Bg2 {(00:11)} Nf6 {(02:59)} 6. Ne2 {(
00:56)} Be7 {(06:35)} 7. O-O {(00:52)} O-O {(02:04)} 8.
Nf4 {(00:56)} d4 {(05:55)} 9. Re1 {(02:42)} Qc7 {(
10:35)} 10. Nf1 {(01:12)} Ne5 {(11:16)} 11. b3 {(00:59)}
Bd6 {(03:14)} 12. Nh3 {(01:09)} Ned7 {(05:28)} 13. f4 {
(00:46)} e5 {(03:13)} 14. f5 {(01:30)} b5 {(01:14)}
15. Nd2 {(02:42)} Nb6 {(02:43)} 16. a4 {(01:43)} bxa4 {
(02:17)} 17. bxa4 {(00:09)} Bd7 {(03:26)} 18. a5 {(
00:47)} Na4 {(00:20)} 19. Nc4 {(00:26)} Nc3 {(00:31)} 20.
Qf3 {(00:10)} Ba4 {(01:54)} 21. Bd2 {(01:08)} Bxc2 {
(00:41)} 22. Bxc3 {(00:11)} dxc3 {(00:19)} 23. Rec1 {
(00:55)} Bb3 {(00:23)} 24. Rxc3 {(01:04)} Bxc4 {(
04:46)} 25. Rxc4 {(00:01)} Rab8 {(00:26)} 26. g4 {(02:07)}
Rb5 {(00:41)} 27. g5 {(00:13)} Nd7 {(01:13)} 28. Rca4 {
(02:09)} Be7 {(03:33)} 29. Bf1 {(01:45)} Rb4 {(00:
42)} 30. R4a2 {(00:38)} c4 {(06:53)} 31. dxc4 {(01:03)}
Bc5+ {(00:10)} 32. Kh1 {(01:09)} Bd4 {(00:13)} 33. Rc1 {
(01:08)} Nc5 {(00:19)} 34. f6 {(02:00)} Rfb8 {(02:
08)} 35. g6 {(09:35)} fxg6 {(04:56)} 36. Ng5 {(01:42)}
gxf6 {(00:58)} 37. Qxf6 {(00:31)} Rf8 {(00:39)} 38. Ne6 {
(00:07)} Rxf6 {(04:30)} 39. Nxc7 {(00:02)} Rb2 {(
04:29)} 40. Rxb2 {(00:00)} Bxb2 {(00:00)} 41. Nd5 {(02:43]
} Bxc1 {(09:53)} 42. Nxf6+ {(00:14)} Kf7 {(00:56)} 43. Ng4
{(02:15)} Bf4 {(02:01)} 44. Nf2 {(01:45)} Nb3 {(04:
51)} 45. Nd3 {(01:34)} Nxa5 {(01:49)} 46. Nxf4 {(00:36)}
exf4 {(00:06)} 47. Kg2 {(00:24)} Nb3 {(00:52)} 48. Kf2 {
(01:24)} Ke6 {(00:50)} 49. Bd3 {(01:06)} Ke5 {(00:
30)} 50. Kf3 {(00:42)} Nd2+ {(00:36)} 51. Kg4 {(00:19)}
Nxe4 {(00:33)} 52. Kf3 {(00:53)} Ng5+ {(01:23)} 53. Kg4 {
(00:24)} Ne6 {(00:09)} 54. h4 {(00:09)} Kd4 {(00:
19)} 55. Bb1 {(00:20)} Ke3 {(00:22)} 56. h5 {(00:52)}
gxh5+ {(00:36)} 57. Kxh5 {(00:33)} f3 {(00:24)} 58. c5 {
(00:55)} f2 {(00:25)} 59. Ba2 {(00:00)} Nxc5 {(00:
42)} 60. Bc4 {(00:00)} Nd3 {(00:11)} 0-1

[Event "42nd Olympiad Baku 2016 Open"]
[Site "Baku"]
[Date "2016.09.03"]
[Round "2.31"]
[White "Can, Emre"]
[Black "Scerbin, Dmitrij"]
[Result "1-0"]
[ECO "D21"]
[WhiteElo "2565"]
[BlackElo "2347"]
[Annotator ""]
[PlyCount "87"]
[EventDate "2016.??.??"]
[EventCountry "AZE"]
[SourceTitle "playchess.com"]
[Source "ChessBase"]
[WhiteTeam "Turkey"]
[BlackTeam "IPCA"]
[WhiteTeamCountry "TUR"]
[BlackTeamCountry "RUS"]
[TimeControl "40/5400+30:1800+30"]

1. d4 {(00:00)} d5 {(00:00)} 2. c4 {(00:00)} dxc4 {
(00:00)} 3. Nf3 {(00:08)} c6 {(01:18)} 4. e3 {(00:
49)} Be6 {(01:04)} 5. Nc3 {(01:03)} b5 {(00:36)} 6. a4 {
(00:25)} b4 {(03:18)} 7. Ne4 {(00:49)} Nf6 {(01:43]
} 8. Ned2 {(00:31)} c3 {(05:14)} 9. bxc3 {(00:08)} bxc3 {
(00:02)} 10. Nb1 {(00:09)} Nd5 {(08:15)} 11. e4 {(
30:58)} c2 {(01:34)} 12. Qxc2 {(00:18)} Nb4 {(00:03)} 13.
Qd2 {(05:20)} a5 {(00:23)} 14. Bb2 {(01:11)} Nd7 {(
05:43)} 15. Qc3 {(19:15)} Bg4 {(17:53)} 16. Nbd2 {(00:09)}
e6 {(01:21)} 17. Bc4 {(00:20)} Be7 {(08:42)} 18. O-O {
(00:55)} Bf6 {(00:52)} 19. Ne5 {(11:27)} Nxe5 {(16:
13)} 20. dxe5 {(00:06)} Bxe5 {(00:16)} 21. Qxe5 {(00:38)}
Qxd2 {(00:03)} 22. Qxg7 {(09:10)} O-O-O {(01:36)} 23. Bc3
{(04:40)} Qf4 {(07:34)} 24. Qe5 {(00:39)} Qxe5 {(
00:56)} 25. Bxe5 {(00:06)} Rhg8 {(00:38)} 26. f3 {(00:31)}
Bh5 {(01:11)} 27. Bg3 {(03:43)} Rd4 {(00:38)} 28. Rac1 {
(00:40)} Kb7 {(01:43)} 29. Rfd1 {(02:03)} Rgd8 {(
01:26)} 30. Rxd4 {(00:06)} Rxd4 {(00:02)} 31. Be5 {(00:42]
} Rd7 {(02:45)} 32. Bf6 {(01:42)} Kb6 {(00:55)} 33. Kf1 {
(01:50)} Nd3 {(06:14)} 34. Rd1 {(02:07)} Ne5 {(00:
03)} 35. Be2 {(01:37)} Rxd1+ {(00:16)} 36. Bxd1 {(00:02)}
Nc4 {(00:18)} 37. Ke2 {(00:21)} Kc5 {(00:22)} 38. Kd3 {
(00:40)} Kb4 {(05:18)} 39. Bc3+ {(00:16)} Kc5 {(00:
15)} 40. Bb3 {(00:00)} Nd6 {(00:00)} 41. Bxa5 {(01:02)} f5
{(01:43)} 42. e5 {(03:38)} Nb7 {(00:11)} 43. Bd2 {(
01:17)} Bf7 {(00:19)} 44. a5 {(00:50)} 1-0